 Dungeon Crawl Stone Soup version 0.21-a0-352-g5b8f553 (webtiles) character file.

4 tidbits the Covered (level 1, -1/13 HPs)
             Began as a Gnoll Wanderer on Oct 10, 2017.
             Slain by a hobgoblin (4 damage)
             ... on level 3 of the Dungeon.
             The game lasted 00:00:57 (178 turns).

tidbits the Covered (Gnoll Wanderer)                 Turns: 178, Time: 00:00:57

Health: -1/13      AC:  2    Str: 16    XL:     1   Next: 60%
Magic:  1/1        EV: 11    Int: 13    God:
Gold:   30         SH:  0    Dex: 13    Spells: 0/0 levels left

rFire    . . .     SeeInvis .   a - +2 hand axe
rCold    . . .     Gourm    .   (no shield)
rNeg     . . .     Faith    .   d - +0 robe
rPois    .         Spirit   .   (no helmet)
rElec    .         Reflect  .   (no cloak)
rCorr    .         Harm     .   (no gloves)
MR       .....                  (no boots)
Stlth    ++........             (no amulet)
HPRegen  0.04/turn              (no ring)
MPRegen  0.07/turn              (no ring)

@: no status effects
A: distributed training, fangs 1, strong nose
a: no special abilities


You were on level 3 of the Dungeon.
You were not hungry.

You visited 1 branch of the dungeon, and saw 3 of its levels.

You collected 30 gold pieces.

Inventory:

Hand Weapons
 a - a +2 hand axe (weapon)
Armour
 d - a +0 robe (worn)
Scrolls
 g - a scroll of noise {unknown}
 h - a scroll of recharging {unknown}
Potions
 b - a potion of curing
 e - a potion of flight {unknown}
Books
 c - the Papyrus of Sinister Rituals

   Spells                             Type                      Level
   a - Corpse Rot                     Necromancy                   2
   b - Sublimation of Blood           Necromancy                   2
Comestibles
 f - a bread ration


   Skills:
 + Level 0.0 Fighting
 + Level 0.0 Short Blades
 + Level 0.0 Long Blades
 + Level 4.4 Axes
 + Level 0.0 Maces & Flails
 + Level 0.0 Polearms
 + Level 0.0 Staves
 + Level 0.0 Slings
 + Level 0.0 Bows
 + Level 0.0 Crossbows
 + Level 0.0 Throwing
 + Level 6.4 Armour
 + Level 0.0 Dodging
 + Level 2.1 Stealth
 + Level 2.3 Shields
 + Level 0.0 Unarmed Combat
 + Level 0.0 Spellcasting
 + Level 0.0 Conjurations
 + Level 0.0 Hexes
 + Level 0.0 Charms
 + Level 0.0 Summonings
 + Level 4.4 Necromancy
 + Level 0.0 Translocations
 + Level 0.0 Transmutations
 + Level 2.3 Fire Magic
 + Level 0.0 Ice Magic
 + Level 0.0 Air Magic
 + Level 0.0 Earth Magic
 + Level 0.0 Poison Magic
 + Level 0.0 Invocations
 + Level 0.0 Evocations


You couldn't memorise any spells.
You didn't know any spells.

Dungeon Overview and Level Annotations

Branches:
Dungeon (3/15)

Altars:


Innate Abilities, Weirdness & Mutations

Your experience applies equally to all skills.
You have very sharp teeth.
Your uncanny sense of smell can sniff out nearby items.


Message History

Welcome, tidbits the Gnoll Wanderer.
It is said that the Orb of Zot exists deep within this dungeon.
Press ? for a list of commands and other information.
Found a staircase leading out of the dungeon.
Okay, then.
You open the door.
There is an open door here.
Found 13 sling bullets.
You see here 13 sling bullets.
Found 15 gold pieces.
You now have 15 gold pieces.
Found a stone staircase leading down.
Found a robe.
There is a stone staircase leading down here.
You climb downwards.
A kobold comes into view.
It is wielding an enchanted short sword.
Found a metallic white potion.
There is a stone staircase leading up here.
The helpless kobold fails to defend itself.
You hit the kobold.
The kobold is severely wounded.
The kobold hits you but does no damage.
You completely miss the kobold.
The kobold is severely wounded.
The kobold closely misses you.
You hit the kobold.
You kill the kobold!
Things that are here:
an enchanted short sword; a kobold corpse
e - a metallic white potion You open the door.
Found a scroll labeled WOOFROAHEO.
There is an open door here.
g - a scroll labeled WOOFROAHEO You open the door.
There is an open door here.
Found 18 stones.
You see here 18 stones.
Found a scroll labeled GYATIF VES.
h - a scroll labeled GYATIF VES
Found 6 gold pieces.
A worm comes into view.
You see here 6 gold pieces.
You now have 21 gold pieces (gained 6).
You barely miss the worm. You slash the worm! You bite the worm.
The worm is heavily wounded.
The worm closely misses you.
You barely miss the worm.
The worm is heavily wounded.
The worm bites you.
You hit the worm.
The worm is heavily wounded.
You slash the worm!
The worm is almost dead.
The worm bites you!
Ouch! That really hurt!
* * * LOW HITPOINT WARNING * * *
You hit the worm.
The worm is almost dead.
You slash the worm!
You kill the worm!
You see here a worm corpse.
Found 9 gold pieces.
Found a stone staircase leading down.
A hobgoblin comes into view. It is wielding a club.
You now have 30 gold pieces (gained 9).
The hobgoblin shouts!
There is a stone staircase leading down here.
You climb downwards.
A hobgoblin comes into view.
Found 7 curare-tipped needles and a bubbling emerald potion.
There is a stone staircase leading up here.
Found a stone staircase leading up.
The hobgoblin shouts!
The hobgoblin hits you.
You die...

#
#.##########
...........#
.......!..(#
...........#
[..........#
......g@..<#
...........#
...........#
∆
...........#
...........#
...........#
............
.<.........##


You could see a hobgoblin.

Vanquished Creatures
  A worm (D:2)
  A kobold (D:2)
2 creatures vanquished.

Notes
Turn   | Place    | Note
-------+----------+-------------------------------------------
     0 | D:1      | tidbits the Gnoll Wanderer began the quest for the Orb.
     0 | D:1      | tidbits set off with: a +2 hand axe, a potion of curing, the Papyrus of Sinister Rituals, a +0 robe, a bread ration
     0 | D:1      | Reached XP level 1. HP: 13/13 MP: 1/1
     0 | D:1      | Identified the Papyrus of Sinister Rituals
   145 | D:2      | HP: 1/13 [worm (8)]
   178 | D:3      | Slain by a hobgoblin

Vault maps used:
D:1:      onia_arrival_pentagram, serial_co_window_serial,
          co_window_of_opportunity_a, co_window_paths_a, co_window_corner_a,
          co_window_corner_a, co_window_of_opportunity_a,
          co_window_of_opportunity_c, co_window_broadway_b,
          co_window_of_opportunity_c, co_window_2corner, co_window_2corner,
          co_window_corner_b, glass_columns_c, glass_columns_b
D:2:      grunt_dithmenos_smoke_and_mirrors, uniq_crazy_yiuf_cottage
D:3:      cheibrodos_greedy_goblins

Action                   || total
-------------------------++-------
Melee: Hand axe          ||    10
       Bite              ||     1
 Stab: Sleeping          ||     1
Dodge: Dodged            ||     2

Table legend:
 A = Spawn XP
 B = Non-spawn XP
 C = Spawn XP percentage of total XP
 D = Spawn monster count
 E = Non-spawn monster count
 F = Spawn count percentage of total count
 G = Total turns spent on level
                    A         B        C        D         E        F      G
               +---------+---------+-------+---------+---------+-------+---------
         Total |       0 |       6 |   0.0 |       0 |       2 |   0.0 |   178
               +---------+---------+-------+---------+---------+-------+---------
           D:2 |       0 |       6 |   0.0 |       0 |       2 |   0.0 |    82
               +---------+---------+-------+---------+---------+-------+---------

Table legend:
 A = Turns spent in this place as a percentage of turns spent in the entire game.
 B = Non-inter-level travel turns spent in this place as a percentage of non-inter-level travel turns spent in the entire game.
 C = Inter-level travel turns spent in this place as a percentage of turns spent in this place.
 D = Turns resting spent in this place as a percentage of non-inter-level travel turns spent in this place.
 E = Turns spent auto-exploring this place as a percentage of non-inter-level travel turns spent in this place.
 F = Non-inter-level travel turns spent in this place divided by the number of levels of this place that you've seen.
                   A       B       C       D       E      F
               +-------+-------+-------+-------+-------+----------------------
         Total | 100.0 | 100.0 |   0.0 |   0.0 |   0.0 |  59.3
       Dungeon | 100.0 | 100.0 |   0.0 |   0.0 |   0.0 |  59.3
               +-------+-------+-------+-------+-------+----------------------

Table legend:
 A = Kills in this place as a percentage of kills in entire the game.
 B = Kills by you in this place as a percentage of kills by you in the entire game.
 C = Kills by friends in this place as a percentage of kills by friends in the entire game.
 D = Other kills in this place as a percentage of other kills in the entire game.
 E = Experience gained in this place as a percentage of experience gained in the entire game.
 F = Experience gained in this place divided by the number of levels of this place that you have seen.
                   A       B       C       D       E      F
               +-------+-------+-------+-------+-------+----------------------
         Total | 100.0 | 100.0 |   N/A |   N/A | 100.0 |   2.0
       Dungeon | 100.0 | 100.0 |   N/A |   N/A | 100.0 |   2.0
               +-------+-------+-------+-------+-------+----------------------

Vault maps used:
D:1:      onia_arrival_pentagram, serial_co_window_serial,
          co_window_of_opportunity_a, co_window_paths_a, co_window_corner_a,
          co_window_corner_a, co_window_of_opportunity_a,
          co_window_of_opportunity_c, co_window_broadway_b,
          co_window_of_opportunity_c, co_window_2corner, co_window_2corner,
          co_window_corner_b, glass_columns_c, glass_columns_b
D:2:      grunt_dithmenos_smoke_and_mirrors, uniq_crazy_yiuf_cottage
D:3:      cheibrodos_greedy_goblins
